 Dungeon Crawl Stone Soup version 0.24.1-11-gbbbb2193e6 (webtiles) character file.

Game seed: 3941245295347850998, levelgen mode: deterministic

220 Gabide the Poker (level 6, -2/46 HPs)
             Began as a Human Gladiator on May 12, 2020.
             Was an Initiate of Elyvilon.
             Slain by a worker ant (4 damage)
             ... on level 4 of the Dungeon.
             The game lasted 00:08:38 (2411 turns).

Gabide the Poker (Human Gladiator)                  Turns: 2411, Time: 00:08:41

Health: -2/46      AC:  7    Str: 16    XL:     6   Next: 18%
Magic:  6/6        EV: 12    Int:  8    God:    Elyvilon [......]
Gold:   155        SH:  0    Dex: 15    Spells: 5/5 levels left

rFire    . . .     SeeInvis .   a - +1 trident
rCold    . . .     Gourm    .   (no shield)
rNeg     . . .     Faith    .   k - +1 ring mail
rPois    .         Spirit   .   c - +0 helmet
rElec    .         Reflect  .   (no cloak)
rCorr    .         Harm     .   (no gloves)
MR       .....                  (no boots)
Stlth    +.........             (no amulet)
HPRegen  0.15/turn              (no ring)
MPRegen  0.10/turn              (no ring)

@: lethally poisoned (-2 -> -9)
A: no striking features
a: Renounce Religion


You were on level 4 of the Dungeon.
You worshipped Elyvilon.
Elyvilon was noncommittal.
You were hungry.

You visited 1 branch of the dungeon, and saw 4 of its levels.

You collected 155 gold pieces.

Inventory:

Hand Weapons
 a - a +1 trident (weapon)
Missiles
 e - 94 stones (quivered)
Armour
 c - a +0 helmet (worn)
 k - a +1 ring mail (worn)
Potions
 b - 2 potions of heal wounds {unknown}
 g - a potion of curing
 j - 2 potions of mutation
 n - 3 potions of brilliance
Comestibles
 f - 6 rations


   Skills:
 + Level 2.7 Fighting
 + Level 4.7 Polearms
 + Level 2.6 Throwing
 + Level 1.7 Armour
 + Level 3.6 Dodging
 + Level 1.3 Stealth


You had 5 spell levels left.
You didn't know any spells.
Your spell library was empty.

Dungeon Overview and Level Annotations

Branches:
Dungeon (4/15)
 Temple: D:4-7

Altars:
Elyvilon
Uskayaw
Xom


Message History

You hit the centaur skeleton but do no damage.
The centaur skeleton is almost destroyed.
The centaur skeleton closely misses you.
You hit the centaur skeleton.
The centaur skeleton is almost destroyed.
The centaur skeleton hits you!
* * * LOW HITPOINT WARNING * * *
The centaur skeleton barely misses you.
You hit the centaur skeleton.
You destroy the centaur skeleton!
Your ring mail prevents you from hitting the worker ant.
The worker ant bites you.
* * * LOW HITPOINT WARNING * * *
You hit the worker ant.
The worker ant is lightly wounded.
The worker ant bites you!
* * * LOW HITPOINT WARNING * * *
You are lethally poisoned!
The worker ant poisons you! The worker ant bites you.
You die...

# ##. .....#.. .
##.. #......#
#..[..#
####.#......#
#...#.. #... #..##.#
#....##>## ##...#.##
#.@a..###(%#.#..##
#..###.....)#..#..##
#.. #.......#(....#
#.. #.####...##.#..
... ...# #.#.....#
..####..# #.h##...#
.## #..# ##<.##..#
#. #..# ##h.####
.... .S...


You could see a worker ant.

Vanquished Creatures
  A centaur (D:4)
  A centaur skeleton (D:4)
  4 gnolls
  2 adders (D:2)
  An ooze (D:2)
  A worm (D:2)
  A dart slug (D:3)
  A leopard gecko (D:3)
  An orc (D:3)
  5 bats
  A giant cockroach (D:3)
  5 goblins
  7 hobgoblins
  5 jackals
  4 frilled lizards
  8 kobolds
  6 rats
54 creatures vanquished.

Notes
Turn   | Place    | Note
-------+----------+-------------------------------------------
     0 | D:1      | Gabide the Human Gladiator began the quest for the Orb.
     0 | D:1      | Reached XP level 1. HP: 16/16 MP: 1/1
    15 | D:1      | Reached XP level 2. HP: 12/22 MP: 2/2
   389 | D:1      | Reached XP level 3. HP: 27/27 MP: 3/3
   652 | D:2      | Reached skill level 1 in Stealth
   679 | D:2      | Reached XP level 4. HP: 29/33 MP: 4/4
  1573 | D:3      | Reached skill level 4 in Polearms
  1836 | D:3      | Reached XP level 5. HP: 33/39 MP: 5/5
  2025 | D:3      | Found a white marble altar of Elyvilon.
  2026 | D:3      | Found a hide-covered altar of Uskayaw.
  2033 | D:3      | Became a worshipper of Elyvilon the Healer
  2055 | D:3      | Found a shimmering altar of Xom.
  2055 | D:3      | Found a shimmering altar of Xom.
  2058 | D:3      | Found a shimmering altar of Xom.
  2370 | D:4      | Noticed a centaur
  2382 | D:4      | Killed a centaur
  2382 | D:4      | Reached skill level 1 in Armour
  2382 | D:4      | Reached XP level 6. HP: 15/46 MP: 6/6
  2411 | D:4      | HP: 2/46 [worker ant (7)]
  2411 | D:4      | Slain by a worker ant

Levels and vault maps discovered:
D:1:      dpeg_arrival_erosion, layout_basic
D:2:      layout_basic, corexii_item_surrounded_by_moat, kennysheep_doodads,
          minmay_tetromino_s4
D:3:      layout_basic, gammafunk_temple_overflow_statue, xom_redecorated
D:4:      layout_rooms, yredelemnul_altar_generic,
          chequers_temple_overflow_minitemple, first_ration, st_stairs_8,
          kennysheep_cross_bottleneck, makhleb_blood_cavern_becter, uniq_pikel

Skill      XL: |  1  2  3  4  5 |
---------------+----------------+-----
Stealth        | 1 |  1.3
Polearms       | 4 |  4.7
Armour         | 1 |  1.7
Fighting       | |  2.7
Throwing       | |  2.6
Dodging        | |  3.6

Action                   |  1- 3 |  4- 6 || total
-------------------------+-------+-------++-------
Melee: Trident           |    67 |    89 ||   156
Throw: Throwing net      |     3 |     2 ||     5
       Stone             |    12 |    21 ||    33
  Use: Scroll            |     3 |     7 ||    10
       Potion            |       |     1 ||     1
 Stab: Held in net/web   |     1 |       ||     1
       Sleeping          |     2 |     1 ||     3
  Eat: Chunk             |       |     4 ||     4
Armor: Leather armour    |     6 |       ||     6
       Ring mail         |     9 |    27 ||    36
Dodge: Dodged            |    30 |    56 ||    86
